 Dungeon Crawl Stone Soup version 0.27.1-2-g3b301248ec (webtiles) character file.

Game seed: 133017362577208950

2249 Dexcius the Cleaver (level 9, 0/85 HPs)
             Began as a Minotaur Berserker on Sept 26, 2021.
             Was an Elder of Trog.
             Slain by a gnoll (6 damage)
             ... on level 5 of the Dungeon.
             The game lasted 00:17:17 (5034 turns).

Dexcius the Cleaver (Minotaur Berserker)            Turns: 5034, Time: 00:17:18

Health: 0/85       AC: 10    Str: 25    XL:     9   Next: 15%
Magic:  8/8        EV:  9    Int:  4    God:    Trog [****..]
Gold:   327        SH:  3    Dex: 10    Spells: 8/8 levels left

rFire    + . .     SeeInvis .   f - +0 broad axe (vorpal)
rCold    . . .     Faith    .   b - +0 buckler
rNeg     . . .     Spirit   .   k - +0 chain mail {rF+}
rPois    .         Reflect  .   (helmet restricted)
rElec    .         Harm     .   (no cloak)
rCorr    .         Rampage  .   (no gloves)
Will     +....                  (no boots)
Stlth    ..........             (no amulet)
HPRegen  0.24/turn              i - ring of willpower
MPRegen  0.11/turn              (no ring)

@: on berserk cooldown
A: horns 2, retaliatory headbutt, hooves 1, robust 1
a: Renounce Religion, Berserk, Trog's Hand, Brothers in Arms


You were on level 5 of the Dungeon.
You worshipped Trog.
Trog was greatly pleased with you.
You visited 1 branch of the dungeon, and saw 7 of its levels.

You collected 327 gold pieces.

Inventory:

Hand Weapons
 f - a +0 vorpal broad axe (weapon)
Armour
 b - a +0 buckler (worn)
 k - a +0 chain mail of fire resistance (worn)
Jewellery
 i - a ring of willpower (left hand)
Wands
 d - a wand of acid (9)
 e - a wand of iceblast (5)
 l - a wand of paralysis (11)
Scrolls
 c - a scroll of summoning {unknown}
 j - a scroll of holy word
 m - 2 scrolls of identify
 n - a scroll of silence {unknown}
Potions
 a - a potion of magic {unknown}
 g - a potion of haste


   Skills:
 + Level 6.9 Fighting
 + Level 10.9 Axes
 + Level 7.7 Armour
 + Level 3.9 Dodging
 + Level 0.3 Stealth
 + Level 0.5 Shields


You had 8 spell levels left.
You didn't know any spells.
Your spell library was empty.

Dungeon Overview and Level Annotations

Branches:
Dungeon (7/15)             Temple (0/1) D:4

Altars:
Elyvilon
Gozag
Makhleb

Shops:
D:2 *

Annotations:
D:7 1 runed translucent door


Innate Abilities, Weirdness & Mutations

You have a pair of horns on your head.
You reflexively headbutt those who attack you in melee.
You have large cloven feet.
You are robust. (+10% HP)


Message History

The gnoll hits you from afar with a +0 spear.
You slash the yak!
You kill the yak!
Trog accepts your kill.
A hound skeleton comes into view.
The gnoll barely misses you. The gnoll hits you with a +0 spear.
You barely miss the gnoll. You kick the gnoll.
The gnoll is moderately wounded.
The gnoll hits you from afar with a +0 spear.
* * * LOW HITPOINT WARNING * * *
The gnoll hits you but does no damage.
You slash the gnoll!
You kill the gnoll!
Trog accepts your kill.
The gnoll hits you from afar with a +0 spear.
* * * LOW HITPOINT WARNING * * *
You hit the yak. Your kick misses the yak. You headbutt the yak.
The yak is lightly wounded.
You are no longer berserk.
You are exhausted.
You feel yourself slow down. The yak closely misses you.
You furiously retaliate!
You headbutt the yak!
The gnoll hits you from afar with a +0 spear.
* * * LOW HITPOINT WARNING * * *
You closely miss the yak.
The yak is moderately wounded.
The yak gores you!
* * * LOW HITPOINT WARNING * * *
The gnoll hits you from afar with a +0 spear.
* * * LOW HITPOINT WARNING * * *
You block the yak's attack.
It was a potion of cancellation.
Your magical effects are unravelling.
You feel magically purged.
You feel yourself speed up. The gnoll hits you but does no damage.
A gnoll comes into view. It is wielding a +0 flail.
The yak closely misses you.
The gnoll hits you from afar with a +0 spear.
You die...

...#.##.(.....#
...#..........#
....###.......# .
....###.......# ..
##....+.......# g..
....###.......# ....
.#....'.......# .....
.######.......####......
.#............††@Yg#
.#.....#############
##...≈.........
#.≈⌠≈.####.... #..≈≈.# .
#.....# ##.#...#
...#.### ####.#


You could see a yak and 2 gnolls.

Vanquished Creatures
  Maggie (D:7)
  4 yaks (D:5)
  Menkaure (D:6)
  2 water moccasins
  2 black bears (D:6)
  3 ogres
  A wyvern skeleton (D:3)
  A howler monkey (D:6)
  A centaur zombie (D:5)
  2 bullfrog skeletons
  An orc priest (D:4)
  3 hounds
  2 iguanas
  An orc wizard (D:4)
  A scorpion zombie (D:5)
  Terence (D:2)
  Natasha (D:2)
  Robin (D:3)
  A howler monkey skeleton (D:3)
  2 gnolls
  3 adders
  An ufetubus (D:5)
  An adder skeleton (D:4)
  A worm (D:2)
  6 dart slugs
  5 orcs
  7 ball pythons
  5 endoplasms
  2 giant cockroaches (D:1)
  14 goblins
  9 hobgoblins
  4 jackals (D:1)
  7 kobolds
  A quokka (D:1)
  8 bats
  9 frilled lizards (D:1)
  2 rats (D:1)
117 creatures vanquished.

Vanquished Creatures (others)
  14 plants (D:1)
14 creatures vanquished.

Grand Total: 131 creatures vanquished

Notes
Turn   | Place    | Note
-------+----------+-------------------------------------------
     0 | D:1      | Dexcius the Minotaur Berserker began the quest for the Orb.
     0 | D:1      | Reached XP level 1. HP: 19/19 MP: 0/0
   163 | D:1      | Reached skill level 4 in Axes
   163 | D:1      | Reached XP level 2. HP: 27/27 MP: 1/1
   512 | D:1      | Reached XP level 3. HP: 32/33 MP: 2/2
   629 | D:1      | Reached ** piety under Trog
   992 | D:2      | Found a faded altar of an unknown god.
  1004 | D:2      | Found Pocseux's Assorted Antiques.
  1120 | D:2      | Reached XP level 4. HP: 40/40 MP: 3/3
  1149 | D:2      | Noticed Natasha
  1158 | D:2      | Killed Natasha
  1159 | D:2      | Reached skill level 5 in Axes
  1282 | D:2      | Noticed Terence
  1290 | D:2      | Killed Terence
  1570 | D:3      | Noticed Robin
  1582 | D:3      | Reached XP level 5. HP: 47/47 MP: 4/4
  1583 | D:3      | Killed Robin
  1584 | D:3      | Reached *** piety under Trog
  1744 | D:3      | Reached skill level 6 in Axes
  1990 | D:3      | Found an opulent altar of Gozag.
  2425 | D:4      | Reached XP level 6. HP: 16/53 MP: 5/5
  2428 | D:4      | HP: 2/53 [something (1)]
  2977 | D:4      | Found a staircase to the Ecumenical Temple.
  3114 | D:4      | Found a burning altar of Makhleb.
  3115 | D:4      | Gained mutation: You are robust. (+10% HP) [potion of
                  | mutation]
  3115 | D:4      | Gained mutation: You have large cloven feet. [potion of
                  | mutation]
  3253 | D:4      | Found a white marble altar of Elyvilon.
  3327 | D:4      | You fall into a shaft and drop 3 floors!
  3354 | D:7      | Noticed Maggie
  3365 | D:7      | Killed Maggie
  3366 | D:7      | Reached skill level 5 in Fighting
  3366 | D:7      | Reached skill level 7 in Axes
  3366 | D:7      | Reached skill level 5 in Armour
  3366 | D:7      | Reached XP level 7. HP: 67/67 MP: 6/6
  3784 | D:7      | Noticed a sixfirhy
  3785 | D:7      | Found a runed translucent door.
  3826 | D:6      | Noticed Menkaure
  3832 | D:6      | Killed Menkaure
  3833 | D:6      | Reached skill level 8 in Axes
  3834 | D:6      | Reached XP level 8. HP: 55/77 MP: 7/7
  4084 | D:6      | Reached skill level 9 in Axes
  4342 | D:5      | Entered Level 5 of the Dungeon
  4539 | D:5      | Identified the +4 dagger of Cuiliot {freeze, Dex+2}
  4641 | D:5      | Reached **** piety under Trog
  4848 | D:5      | Reached skill level 10 in Axes
  5026 | D:5      | Reached XP level 9. HP: 48/85 MP: 8/8
  5034 | D:5      | Slain by a gnoll

Illustrated notes

Levels and vault maps discovered:
D:1:      nicolae_arrival_somewhat_less_tricky_arrival, layout_basic,
          serial_bayou_lagoon_a, minmay_lizard_king
D:2:      layout_rooms, serial_shops, shop, ebering_ecumenical_altar_box,
          kennysheep_generic_room_3, uniq_terence, uniq_natasha
D:3:      layout_basic, mainiacjoe_overflow_24_doors,
          ebering_dispersal_statue_hall, uniq_robin
D:4:      layout_rooms, elyvilon_altar_3, makhleb_blood_cavern_becter,
          minmay_temple_entry_overgrown
D:5:      layout_basic, corexii_leaking_fountain,
          hangedman_abyss_or_decor_stagger, minmay_ruined_shrine
D:6:      layout_layer_cave, uniq_menkaure
D:7:      cheibrodos_shockbox, layout_gridville, uniq_maggie

Skill      XL: |  1  2  3  4  5  6  7  8 |
---------------+-------------------------+-----
Axes           | 4 5 6 7 8 10 | 10.9
Fighting       | 4 5 6 |  6.9
Armour         | 3 5 6 7 |  7.7
Dodging        | 3 |  3.9
Stealth        | |  0.3
Shields        | |  0.5

Action                   |  1- 3 |  4- 6 |  7- 9 || total
-------------------------+-------+-------+-------++-------
Melee: Hand axe          |    79 |    71 |       ||   150
       Headbutt          |    14 |    12 |    16 ||    42
       War axe           |       |    36 |       ||    36
       Kick              |       |     3 |    24 ||    27
       Broad axe         |       |       |    66 ||    66
Invok: Berserk           |       |     2 |     2 ||     4
  Use: Potion            |       |     4 |     1 ||     5
       Scroll            |       |     4 |       ||     4
Armor: Animal skin       |     2 |       |       ||     2
       Ring mail         |    17 |       |       ||    17
       Scale mail        |     6 |    50 |       ||    56
       Chain mail        |       |     5 |    28 ||    33
Dodge: Dodged            |    43 |    60 |    19 ||   122
Block: Buckler           |       |       |     7 ||     7
